 Dungeon Crawl Stone Soup version 0.27.0-1-g7a089689b8 (webtiles) character file.

Game seed: 7113257225388789644

531371 wakim the Cryomancer (level 24, -9/198 HPs)
             Began as a Purple Draconian Ice Elementalist on Aug 1, 2021.
             Was the Champion of Vehumet.
             Killed from afar by a fire giant (12 damage)
             ... with a bolt of fire
             ... on level 5 of the Depths.
             The game lasted 04:00:07 (82867 turns).

wakim the Cryomancer (DrIE)                        Turns: 82867, Time: 04:00:08

Health: -9/198     AC: 15    Str: 13    XL:     24   Next: 43%
Magic:  23/58      EV: 18    Int: 29    God:    Vehumet [******]
Gold:   5906       SH: 15    Dex: 11    Spells: 6/47 levels left

rFire    + . .     SeeInvis +   a - +16 lance "Wyrmbane" {slay drac, rPois rF+ rC+ AC+3}
rCold    + + +     Faith    .   M - +2 kite shield {reflect}
rNeg     + + .     Spirit   .   (armour unavailable)
rPois    +         Reflect  +   i - +3 hat of Pondering {ponderous, Will+ MP+10 Int+5}
rElec    +         Harm     .   P - +2 cloak {rCorr}
rCorr    +         Rampage  .   m - +2 pair of gloves
Will     +++++                  d - +2 pair of boots of Focus {MP+9}
Stlth    ++........             h - amulet of the Air {Inacc Air Fly rElec RMsl}
HPRegen  0.43/turn              g - ring of the Muttering Hero {*Slow rC+ rN++ SInv}
MPRegen  0.36/turn              o - ring of Jaruremp {rC+ Will+ rCorr Dex-2}

@: short of breath, in a vortex, unable to drink, corroded, flying, studying
Dodging, repel missiles, slow
A: no potions, breathe power, AC +12, unfitting armour, cold-blooded
}: 3/15 runes: decaying, silver, gossamer
a: Breathe Dispelling Energy, Renounce Religion


You were on level 5 of the Depths.
You worshipped Vehumet.
Vehumet was exalted by your worship.
You visited 9 branches of the dungeon, and saw 44 of its levels.
You also visited: Ossuary and Gauntlet.

You collected 6741 gold pieces.
You spent 835 gold pieces at shops.

Inventory:

Hand Weapons
 a - the +16 lance "Wyrmbane" (weapon) {slay drac, rPois rF+ rC+ AC+3}
   (You took it off an ironbound preserver on level 5 of the Vaults)

   It inflicts extra damage against dragons and draconians.
   AC:        It affects your AC (+3).
   rF:        It protects you from fire.
   rC:        It protects you from cold.
   rPois:     It protects you from poison.
 b - the +12 demon blade "Beastbane" {vorpal, Will+ Str+4 Int+6}
   (You acquired it on level 4 of the Spider Nest)

   It inflicts extra damage upon your enemies.
   Str:       It affects your strength (+4).
   Int:       It affects your intelligence (+6).
   Will:      It increases your willpower.
Missiles
 j - 5 throwing nets {=f!f}
Armour
 d - the +2 pair of boots of Focus (worn) {MP+9}
   (You bought it in a shop on level 2 of the Orcish Mines)

   MP:        It affects your magic capacity (+9).
 i - the +3 hat of Pondering (worn) {ponderous, Will+ MP+10 Int+5}
   (You took it off Gastronok on level 11 of the Dungeon)

   Int:       It affects your intelligence (+5).
   MP:        It affects your magic capacity (+10).
   Will:      It increases your willpower.
 m - a +2 pair of gloves (worn)
 z - a +0 buckler of fire resistance
 M - a +2 kite shield of reflection (worn)
 P - a +2 cloak of preservation (worn)
Jewellery
 c - a ring of flight
 g - the ring of the Muttering Hero (left hand) {*Slow rC+ rN++ SInv}
   (You found it on level 5 of the Vaults)

   [ring of see invisible]

   rC:        It protects you from cold.
   rN:        It greatly protects you from negative energy.
   SInv:      It lets you see invisible.
   *Slow:     It may slow you when you take damage.
 h - the amulet of the Air (around neck) {Inacc Air Fly rElec RMsl}
   (You found it on level 5 of the Dungeon)

   [amulet of nothing]

   It reduces the accuracy of all your attacks.
   It enhances your air magic.
   rElec:     It insulates you from electricity.
   Fly:       It grants you flight.
   RMsl:      It protects you from missiles.
 n - the ring of the Trilobite {rN+ Stlth+}
   (You found it on level 1 of the Spider Nest)

   [ring of positive energy]

   rN:        It protects you from negative energy.
   Stlth:     It makes you more stealthy.
 o - the ring of Jaruremp (right hand) {rC+ Will+ rCorr Dex-2}
   (You found it in a Gauntlet)

   [ring of protection from cold]

   Dex:       It affects your dexterity (-2).
   rC:        It protects you from cold.
   rCorr:     It protects you from acid and corrosion.
   Will:      It increases your willpower.
 s - the ring "Kufix" {rElec rPois rN+ Int+2}
   (You took it off a vault guard on level 5 of the Vaults)

   [ring of positive energy]

   Int:       It affects your intelligence (+2).
   rElec:     It insulates you from electricity.
   rPois:     It protects you from poison.
   rN:        It protects you from negative energy.
 B - a ring of protection from fire
 L - the ring of Net Bune {rC+ Dex+6}
   (You bought it in a shop on level 2 of the Orcish Mines)

   [ring of dexterity]

   Dex:       It affects your dexterity (+6).
   rC:        It protects you from cold.
Wands
 e - a wand of acid (15)
 f - a wand of iceblast (78)
 t - a wand of digging (15)
 u - a wand of mindburst (7)
 v - a wand of flame (75)
 x - a wand of charming (2)
 y - a wand of paralysis (21)
Scrolls
 k - 4 scrolls of amnesia
 q - 8 scrolls of enchant armour
 r - 26 scrolls of identify
 Q - 8 scrolls of enchant weapon
 R - 7 scrolls of magic mapping {!r}
 S - 3 scrolls of summoning
 T - 9 scrolls of teleportation
 U - 4 scrolls of fear
 W - a scroll of holy word
 X - 2 scrolls of fog
 Y - 4 scrolls of blinking {!r}
 Z - 3 scrolls of silence {!r}
Potions
 A - 2 potions of ambrosia
 C - 3 potions of berserk rage {!q}
 D - 9 potions of brilliance
 E - a potion of cancellation
 F - 20 potions of curing
 H - 5 potions of haste
 I - a potion of invisibility
 J - 5 potions of heal wounds
 K - 2 potions of magic
 N - 9 potions of might
 O - 7 potions of resistance
Miscellaneous
 l - a condenser vane
 w - a phial of floods
 G - a phial of floods
 V - a box of beasts


   Skills:
 - Level 12.4 Fighting
 * Level 10.1 Polearms
 + Level 15.3 Dodging
 - Level 1.7 Stealth
 - Level 15.0 Shields
 - Level 12.0 Spellcasting
 - Level 9.0 Conjurations
 - Level 9.0 Fire Magic
 - Level 23.2 Ice Magic
 - Level 9.0 Air Magic
 * Level 17.2 Earth Magic
 - Level 14.0 Evocations


You had 6 spell levels left.
You knew the following spells:

 Your Spells              Type           Power      Damage    Failure   Level
a - Polar Vortex          Ice            50%        N/A       6%          9
b - Shatter               Erth           43%        3d34*     54%         9
c - Ozocubu's Armour      Ice            100%       N/A       0%          3
e - Lee's Rapid Deconstr  Erth           43%        3d22*     1%          5
f - Bolt of Magma         Conj/Fire/Erth 35%        4d15      1%          5
g - Ozocubu's Refrigerat  Ice            50%        4d15      1%          7
x - Stone Arrow           Conj/Erth      100%       3d13      1%          3

Your spell library contained the following spells:

 Spells                   Type           Power      Damage    Failure   Level
 Lehudib's Crystal Spear  Conj/Erth      37%        10d9      24%         8
 Maxwell's Capacitive Co  Air            40%        ∞         73%         8
 Chain Lightning          Conj/Air       40%        3d54      100%        9
 Freeze                   Ice            100%       1d11      0%          1
 Frozen Ramparts          Ice            100%       1d12      0%          3
 Foxfire                  Conj/Fire      100%       2x1d9     1%          1
 Magic Dart               Conj           100%       1d8       1%          1
 Ensorcelled Hibernation  Hex/Ice        100%       N/A       1%          2
 Passwall                 Tmut/Erth      50%        N/A       1%          2
 Poisonous Vapours        Pois/Air       100%       N/A       1%          2
 Searing Ray              Conj           100%       3d7       1%          2
 Conjure Flame            Conj/Fire      62%        6-21      1%          3
 Ignite Poison            Fire/Tmut/Pois 34%        N/A       1%          3
 Inner Flame              Hex/Fire       43%        N/A       1%          3
 Mephitic Cloud           Conj/Pois/Air  67%        N/A       1%          3
 Swiftness                Air            81%        N/A       1%          3
 Airstrike                Air            40%        N/A       1%          4
 Fulminant Prism          Conj/Hex       21%        3d13      1%          4
 Hailstorm                Conj/Ice       84%        3d17      1%          4
 Ice Form                 Ice/Tmut       71%        N/A       1%          4
 Sticky Flame             Conj/Fire      62%        2d8       1%          4
 Summon Ice Beast         Ice/Summ       71%        N/A       1%          4
 Freezing Cloud           Conj/Ice/Air   49%        6-21      1%          5
 Iskenderun's Battlesphe  Conj           62%        2d11      1%          5
 Lightning Bolt           Conj/Air       40%        1d59      1%          5
 Metabolic Englaciation   Hex/Ice        35%        N/A       1%          5
 Borgnjor's Vile Clutch   Necr/Erth      30%        N/A       2%          5
 Animate Skeleton         Necr           34%        N/A       3%          1
 Apportation              Tloc           34%        N/A       3%          1
 Beastly Appendage        Tmut           34%        N/A       3%          1
 Corona                   Hex            18%        N/A       3%          1
 Pain                     Necr           68%        1d7       3%          1
 Sting                    Tmut/Pois      68%        1d6       3%          1
 Summon Small Mammal      Summ           68%        N/A       3%          1
 Irradiate                Conj/Tmut      21%        3d20      3%          5
 Conjure Ball Lightning   Conj/Air       40%        3x3d13    3%          6
 Blink                    Tloc           N/A        N/A       4%          2
 Call Imp                 Summ           17%        N/A       4%          2
 Slow                     Hex            17%        N/A       4%          2
 Sublimation of Blood     Necr           8%         N/A       4%          2
 Wereblood                Tmut           17%        N/A       4%          2
 Summon Lightning Spire   Summ/Air       60%        N/A       4%          4
 Simulacrum               Ice/Necr       35%        N/A       4%          6
 Call Canine Familiar     Summ           17%        N/A       9%          3
 Confusing Touch          Hex            17%        N/A       9%          3
 Gell's Gravitas          Tloc           8%         N/A       9%          3
 Lesser Beckoning         Tloc           8%         N/A       9%          3
 Portal Projectile        Hex/Tloc       34%        N/A       9%          3
 Spider Form              Tmut/Pois      8%         N/A       9%          3
 Summon Guardian Golem    Hex/Summ       17%        N/A       9%          3
 Teleport Other           Tloc           17%        N/A       9%          3
 Tukima's Dance           Hex            17%        N/A       9%          3
 Olgreb's Toxic Radiance  Pois           17%        N/A       9%          4
 Yara's Violent Unravell  Hex/Tmut       8%         3d5       21%         5
 Cause Fear               Hex            8%         N/A       30%         4
 Passage of Golubria      Tloc           N/A        N/A       30%         4
 Agony                    Necr           17%        N/A       63%         5
 Alistair's Intoxication  Tmut/Pois      11%        N/A       63%         5
 Blade Hands              Tmut           8%         N/A       63%         5
 Excruciating Wounds      Necr           8%         N/A       63%         5
 Manifold Assault         Tloc           17%        N/A       63%         5
 Summon Forest            Summ/Tloc      8%         N/A       63%         5
 Summon Mana Viper        Hex/Summ       17%        N/A       63%         5
 Eringya's Noxious Bog    Tmut/Pois      8%         N/A       71%         6
 Dispersal                Tloc           8%         N/A       99%         6
 Invisibility             Hex            8%         N/A       99%         6
 Shadow Creatures         Summ           N/A        N/A       99%         6
 Spellforged Servitor     Conj/Summ      21%        N/A       67%         7
 Ignition                 Fire           31%        3d10      73%         8
 Dragon Form              Tmut           8%         N/A       100%        7
 Monstrous Menagerie      Summ           8%         N/A       100%        7
 Summon Hydra             Summ           8%         N/A       100%        7
 Discord                  Hex            8%         N/A       100%        8
 Disjunction              Tloc           8%         N/A       100%        8
 Dragon's Call            Summ           8%         N/A       100%        9
 Fire Storm               Conj/Fire      31%        8d8       100%        9
 Animate Armour           Summ/Erth      Unusable   N/A       N/A         4

Dungeon Overview and Level Annotations

Branches:
Dungeon (15/15)            Temple (1/1) D:7            Lair (6/6) D:9
  Swamp (4/4) Lair:2       Spider (4/4) Lair:3        Slime (0/5) Lair:5
    Orc (2/2) D:11            Elf (2/3) Orc:2        Vaults (5/5) D:13
  Crypt (0/3) Vaults:3     Depths (5/5) D:15        Ossuary (visited)
Gauntlet (visited)
    Zot: Depths:5

Altars:
Ashenzari
Cheibriados
Dithmenos
Elyvilon
Fedhas
Gozag
Hepliaklqana
Kikubaaqudgha
Makhleb
Nemelex Xobeh
Okawaru
Qazlal
Ru
Sif Muna
Trog
Uskayaw
Vehumet
Wu Jian
Xom
Yredelemnul
Zin
The Shining One
Beogh

Shops:
D:5 *   Orc:2 ***((:=[   Vaults:1 [   Vaults:3 =   Vaults:5 (

Portals:
Hell: Depths:1 Depths:2 Depths:3 Depths:4
Abyss: Depths:4
Pandemonium: Depths:2 Depths:3
Ziggurat: Depths:2
Trove: D:12 (give 9 potions of haste)


Innate Abilities, Weirdness & Mutations

You cannot drink.
You can breathe bolts of dispelling energy.
Your rich purple scales are hard. (AC +12)
You cannot fit into any form of body armour.
You are cold-blooded and may be slowed by cold attacks.


Message History

You hear two shouts!
A fire giant comes into view.
It is wielding a +2 great sword of flaming.
You hear a roar!
You hear a screech!
The fire giant gestures at you while chanting.
The bolt of fire hits you! You resist.
* * * LOW HITPOINT WARNING * * *
You hear a shout!
You hear two shouts!
You hear an angry hiss.
The winds around you start to calm down.
The fire giant hits you with a +2 great sword of flaming!!
* * * LOW HITPOINT WARNING * * *
The fire giant burns you.
* * * LOW HITPOINT WARNING * * *
You are engulfed in whirling frost.
The fire giant misses you.
You see here a caustic shrike corpse.
Casting: Polar Vortex (dangerous; 6% risk of failure)
Confirm with . or Enter, or press ? or * to list all spells.
Aiming: Stone Arrow (safe; 1% risk of failure)
Press: ? - help, Shift-Dir - straight line, f - fire giant
Aim: a fire giant, wielding a +2 great sword of flaming (whirling frost, severely wounded, 92% to hit)
The stone arrow hits the fire giant!
The fire giant is severely wounded.
The fire giant points at you and mumbles some strange words.
The bolt of fire hits you! You resist.
* * * LOW HITPOINT WARNING * * *
You cannot drink potions in your current state!
Unknown command.
Press: ? - help, Shift-Dir - straight line, f/p - fire giant
Aim: a fire giant, wielding a +2 great sword of flaming (severely wounded)
You breathe a bolt of dispelling energy.
The bolt of dispelling energy misses the fire giant.
The winds around you calm down.
The fire giant gestures at you while chanting.
The bolt of fire misses you.
A glowing orange brain comes into view.
Casting: Stone Arrow (safe; 1% risk of failure)
Confirm with . or Enter, or press ? or * to list all spells.
A great freezing vortex appears around you.
The fire giant gestures at you while chanting.
The bolt of fire hits you! You resist.
You die...

#.........#
#.........#
###.......# .
#.....#### .. . ##.
######'#..#'## ..
#.. ##....#.......#
..#..
####.§...#.......'.
'..
#.§§§§...'....##'#.
##'##.§@§..###...##
# #..G.§§§C§##
#.###
#...#'#..†.†§## #.#
#.<.).'....### #'#
#.....###### ..#
...... ... ....b
... .... .bb.


You could see a fire giant and a glowing orange brain.

Vanquished Creatures
  A dread lich (Vaults:5)
  Sojobo (Vaults:5)
  the Lernaean hydra (Swamp:4)
  Boris (twice) (Depths:2 Vaults:1)
  Saint Roka (Depths:4)
  Bai Suzhen (Vaults:5)
  Margery (Vaults:5)
  4 caustic shrikes (Depths:5)
  A golden dragon (Depths:5)
  Nikola (Elf:1)
  the Enchantress (Depths:3)
  A tentacled monstrosity (Swamp:1)
  Jorgrun (D:13)
  A deep elf blademaster (Elf:2)
  2 liches
  5 quicksilver dragons
  The ghost of Taocaav the Crack Shot, an adept CeHu of Okawaru (Spider:1)
  4 titans (Vaults:5)
  Gastronok (D:11)
  9 tengu reavers
  9 sphinxes
  4 shadow dragons
  2 thorn hunters (Swamp:4)
  3 storm dragons
  A storm dragon (shapeshifter) (Vaults:5)
  A draconian monk (Depths:5)
  13 frost giants
  A deep elf sorcerer (Vaults:5)
  12 vault wardens
  8 fire giants
  A ghost moth (Spider:4)
  3 orc warlords
  4 iron dragons
  Louise (Elf:1)
  A caustic shrike zombie (Depths:2)
  4 emperor scorpions
  Aizul (Swamp:2)
  2 ghouls
  12 ironbound preservers
  6 spriggan defenders
  17 very ugly things
  3 war gargoyles
  6 vampire knights
  20 stone giants
  A juggernaut skeleton (Depths:2)
  3 deep elf demonologists (Vaults:5)
  A bunyip (shapeshifter) (Vaults:5)
  7 bunyips
  6 entropy weavers
  8 dire elephants
  Nessos (D:13)
  A red draconian (Depths:5)
  10 spark wasps
  A black draconian (Depths:5)
  A minotaur (Gauntlet)
  An entropy weaver (shapeshifter) (Depths:3)
  Snorg (D:11)
  5 eleionomae
  16 yaktaur captains
  14 ettins
  2 jiangshi (Depths:2)
  5 deep elf high priests
  13 great orbs of eyes
  6 fire dragons
  9 ironbound thunderhulks
  9 ice dragons
  Harold (D:9)
  35 vault guards
  9 boulder beetles
  5 rakshasas
  2 ghost crabs
  19 hydras
  3 catoblepae
  2 ogre magi
  A merfolk avatar (Lair:6)
  7 spriggan air magi
  3 ironbound frosthearts
  An anaconda (shapeshifter) (Depths:4)
  11 centaur warriors
  A satyr (shapeshifter) (D:15)
  A death knight (D:15)
  25 dancing weapons
  4 two-headed ogres
  3 tengu warriors
  12 deep troll shamans
  4 alligators
  11 deep troll earth magi
  8 death scarabs (Spider:4)
  5 death yaks (Lair:4)
  2 vampire magi
  5 orc high priests (Orc:2)
  7 spriggan berserkers
  6 ironbound beastmasters
  10 deep elf knights
  6 hell knights
  A fire crab (shapeshifter) (D:15)
  Nergalle (D:11)
  A fire crab (D:14)
  A titan skeleton (Depths:2)
  A death drake (Depths:5)
  3 iron trolls
  8 skeletal warriors
  A goliath frog (shapeshifter) (Vaults:5)
  2 goliath frogs
  A shadow demon (Depths:2)
  7 spriggan druids
  9 swamp dragons
  3 glowing orange brains
  3 necromancers
  51 deep trolls
  5 flayed ghosts
  A bog body (Swamp:1)
  5 phantasmal warriors
  2 harpies
  5 deep elf archers
  11 orc knights
  12 lindwurms
  3 wolf spider zombies (Spider:4)
  7 wizards
  Pikel (D:9)
  12 deep elf pyromancers
  17 deep elf zephyrmancers
  2 golden dragon skeletons
  22 ironbound convokers
  2 spectral wolf spiders (Spider:4)
  12 orb spiders
  31 wolf spiders
  A tengu zombie (Depths:2)
  3 orc sorcerers
  2 oklob plants
  53 ugly things
  A fire giant zombie (Depths:2)
  A tengu skeleton (Depths:2)
  5 will-o-the-wisps
  3 manticores
  3 moths of wrath
  A salamander (shapeshifter) (Vaults:5)
  5 cyclopes
  Maurice (D:13)
  A moth of wrath (shapeshifter) (Vaults:5)
  11 elephants
  A spriggan zombie (Depths:2)
  A naga mage (D:15)
  A sphinx skeleton (Depths:3)
  A rust devil (Depths:2)
  2 torpor snails
  An ice statue (Swamp:1)
  7 black mambas
  An orange demon (Depths:2)
  23 vault sentinels
  A gargoyle (D:13)
  21 yaktaurs
  8 komodo dragons
  15 cane toads
  10 rime drakes
  14 demonic crawlers
  5 spectral redbacks (Spider:4)
  An unseen horror (D:12)
  2 minotaur zombies (Gauntlet)
  A freezing wraith (Vaults:4)
  An elf skeleton (Depths:2)
  4 tengu conjurers
  A troll (shapeshifter) (Vaults:5)
  25 jumping spiders
  3 polar bears
  2 hellwings (Depths:2)
  26 hornets
  3 bloated husks
  7 trolls
  8 tyrant leeches
  A spectral tarantella (Spider:4)
  31 slime creatures
  A spectral jumping spider (Spider:4)
  A wind drake (Lair:6)
  10 blink frogs
  2 jumping spider zombies (Spider:4)
  A raiju (Swamp:2)
  An elf zombie (Depths:3)
  A snapping turtle (Lair:6)
  4 flying skulls (Depths:2)
  A fire giant simulacrum (Depths:3)
  3 tarantella zombies (Spider:4)
  An ettin zombie (Depths:2)
  4 spriggan skeletons (Depths:2)
  3 air elementals
  3 centaur simulacra (Gauntlet)
  53 redbacks
  2 wraiths
  30 spriggans
  An ettin skeleton (Depths:2)
  44 yaks
  2 vampires
  8 wyverns
  A water elemental (Elf:1)
  21 tarantellas
  5 humans (D:6)
  A fire elemental (Elf:1)
  A spriggan simulacrum (Depths:3)
  3 basilisks
  4 fire bats (Gauntlet)
  2 vampire mosquitoes (Swamp:2)
  3 steam dragons
  7 wargs
  18 swamp worms
  A hydra simulacrum (Gauntlet)
  24 water moccasins
  2 hell hounds (Gauntlet)
  8 swamp drakes
  A black bear (D:6)
  41 orc warriors
  3 hornet zombies (Spider:4)
  3 necrophages
  A tengu (shapeshifter) (D:13)
  9 ogres
  7 wolves
  11 centaurs
  A lemure (D:9)
  2 kobold brigands (D:6)
  6 bullfrogs
  An earth elemental (Elf:1)
  3 gnoll sergeants
  9 scorpions
  A water moccasin zombie (D:5)
  2 water moccasin skeletons
  17 killer bees
  6 howler monkeys
  3 electric eels
  13 centaur zombies
  A human zombie (Ossuary)
  A jelly (Lair:5)
  A bullfrog zombie (D:5)
  2 hounds
  Crazy Yiuf (D:2)
  40 orc priests
  2 bullfrog skeletons
  21 orc wizards
  3 iguanas
  3 scorpion zombies (D:5)
  A killer bee zombie (D:6)
  A hound zombie (D:5)
  7 mummies (Ossuary)
  13 gnolls
  3 adders
  A white imp (D:6)
  An ufetubus (Vaults:4)
  An adder skeleton (D:4)
  3 worms
  A dart slug (D:4)
  83 orcs
  10 endoplasms
  6 giant cockroaches
  A gnoll zombie (Ossuary)
  9 goblins
  9 hobgoblins
  14 jackals
  5 quokkas
  5 ball pythons
  5 bats
  4 frilled lizards
  5 goblin zombies (Ossuary)
  6 hobgoblin zombies (Ossuary)
  A jackal skeleton (D:4)
  18 kobolds
  6 kobold zombies (Ossuary)
  3 quokka zombies (Ossuary)
  3 rats
  3 rat zombies (Ossuary)
  18 briar patches (Swamp:4)
  2 bushes (Lair:3)
1807 creatures vanquished.

Vanquished Creatures (collateral kills)
  A ghost moth (Spider:2)
  An orc priest (D:3)
2 creatures vanquished.

Vanquished Creatures (others)
  A fire dragon (Depths:1)
  A hydra (Swamp:4)
  A hell hog (Gauntlet)
  A deep elf zephyrmancer (Elf:1)
  A deep elf pyromancer (Elf:1)
  2 ugly things
  A bloated husk (Swamp:4)
  2 spriggans (Swamp:1)
  A swamp drake (Swamp:1)
  A bush (D:9)
  15 demonic plants (Gauntlet)
  28 foxfires
  40 fungi
  64 plants
159 creatures vanquished.

Grand Total: 1968 creatures vanquished

Notes
Turn   | Place    | Note
-------+----------+-------------------------------------------
     0 | D:1      | wakim the Draconian Ice Elementalist began the quest for
                  | the Orb.
     0 | D:1      | Reached XP level 1. HP: 14/14 MP: 3/3
   242 | D:1      | Reached XP level 2. HP: 18/20 MP: 1/5
  1146 | D:2      | Reached skill level 5 in Ice Magic
  1175 | D:2      | Reached XP level 3. HP: 18/26 MP: 1/6
  1370 | D:2      | Learned a level 3 spell: Frozen Ramparts
  1372 | D:2      | Learned a level 1 spell: Summon Small Mammal
  2216 | D:2      | Reached XP level 4. HP: 32/33 MP: 3/7
  2274 | D:2      | Found a runed translucent door.
  2275 | D:2      | Noticed Crazy Yiuf
  2304 | D:2      | Killed Crazy Yiuf
  2742 | D:2      | Reached skill level 6 in Ice Magic
  2916 | D:3      | Found a faded altar of an unknown god.
  2916 | D:3      | Noticed a shining eye
  2953 | D:3      | Noticed a golden eye
  2957 | D:3      | Noticed a great orb of eyes
  2957 | D:3      | Noticed an eye of devastation
  2964 | D:3      | You fall into a shaft and drop 1 floor!
  2964 | D:4      | Found an iron altar of Okawaru.
  2968 | D:4      | Noticed a necrophage
  2975 | D:4      | Killed a necrophage
  2976 | D:4      | Reached XP level 5. HP: 27/38 MP: 3/8
  2991 | D:4      | Noticed an ogre
  3001 | D:4      | Killed an ogre
  3002 | D:4      | Reached skill level 7 in Ice Magic
  3002 | D:4      | Reached XP level 6. HP: 2/45 MP: 1/9
  3317 | D:4      | Reached skill level 8 in Ice Magic
  3391 | D:4      | Found a shimmering altar of Xom.
  3478 | D:4      | Reached skill level 1 in Fighting
  3483 | D:4      | Your scales start taking on a rich purple colour.
  3483 | D:4      | Reached XP level 7. HP: 40/52 MP: 7/11
  3898 | D:3      | Learned a level 3 spell: Ozocubu's Armour
  3954 | D:3      | Found a hide-covered altar of Uskayaw.
  4953 | D:4      | Found a radiant altar of Vehumet.
  4962 | D:4      | Became a worshipper of Vehumet
  5387 | D:5      | Entered Level 5 of the Dungeon
  5441 | D:5      | Found Menguzxu's General Store.
  5457 | D:5      | Reached skill level 1 in Evocations
  5528 | D:5      | Bought a potion of curing for 36 gold pieces
  5572 | D:5      | Reached XP level 8. HP: 62/66 MP: 14/14
  5599 | D:5      | Found a shadowy altar of Dithmenos.
  5653 | D:5      | Identified the +12 trident "Dethronyj" {protect, *Noise
                  | rElec Int+2 Dex+4}
  6167 | D:5      | Found the amulet of the Air {Inacc Air Fly rElec RMsl}
  6249 | D:5      | Found a basalt altar of Yredelemnul.
  6405 | D:6      | Reached skill level 5 in Fighting
  6409 | D:6      | Reached skill level 5 in Dodging
  6414 | D:6      | Reached * piety under Vehumet
  6414 | D:6      | Offered knowledge of Magic Dart by Vehumet.
  6664 | D:6      | Reached skill level 5 in Evocations
  6664 | D:6      | Reached XP level 9. HP: 75/75 MP: 10/15
  7335 | D:6      | Found a shimmering blue altar of Sif Muna.
  7755 | D:7      | Learned a level 3 spell: Stone Arrow
  7824 | D:7      | Found a staircase to the Ecumenical Temple.
  7839 | D:7      | Reached ** piety under Vehumet
  7842 | D:7      | Offered knowledge of Searing Ray by Vehumet.
  8138 | D:7      | Found a sand-covered staircase.
  8143 | Ossuary  | Entered an ossuary
  8745 | Ossuary  | Offered knowledge of Inner Flame by Vehumet.
  8938 | D:7      | Reached skill level 1 in Conjurations
  8938 | D:7      | Reached skill level 1 in Earth Magic
  9274 | Temple   | Entered the Ecumenical Temple
  9506 | D:7      | Found a burning altar of Makhleb.
  9510 | D:7      | Found a glowing silver altar of Zin.
  9510 | D:7      | Noticed a green death
  9510 | D:7      | Noticed an angel
  9877 | D:8      | Reached *** piety under Vehumet
  9964 | D:8      | Reached XP level 10. HP: 83/83 MP: 12/16
 10224 | D:8      | Reached skill level 9 in Ice Magic
 10408 | D:8      | Learned a level 5 spell: Freezing Cloud
 10868 | D:9      | Noticed a cyan ugly thing
 10869 | D:9      | Reached skill level 1 in Air Magic
 10921 | D:9      | Noticed Harold
 10931 | D:9      | Offered knowledge of Conjure Flame by Vehumet.
 10932 | D:9      | Reached skill level 5 in Spellcasting
 10936 | D:9      | Killed Harold
 11108 | D:9      | Reached skill level 10 in Ice Magic
 11108 | D:9      | Killed a cyan ugly thing
 11315 | D:9      | Noticed Pikel
 11318 | D:9      | Killed Pikel
 11319 | D:9      | Reached XP level 11. HP: 89/89 MP: 13/20
 11584 | D:9      | Found a staircase to the Lair.
 11841 | D:9      | Reached **** piety under Vehumet
 12144 | D:10     | Entered Level 10 of the Dungeon
 12473 | D:10     | Noticed a purple ugly thing
 12473 | D:10     | Offered knowledge of Sticky Flame by Vehumet.
 12480 | D:10     | Killed a purple ugly thing
 12588 | D:10     | Reached skill level 5 in Conjurations
 12592 | D:10     | Reached skill level 5 in Earth Magic
 12829 | D:10     | Reached skill level 11 in Ice Magic
 12908 | D:10     | Found a glowing golden altar of the Shining One.
 13055 | Lair:1   | Entered Level 1 of the Lair of Beasts
 13430 | Lair:1   | Reached skill level 5 in Air Magic
 13481 | Lair:1   | Found an ornate altar of the Wu Jian Council.
 13482 | Lair:1   | Noticed an oklob plant
 13524 | Lair:1   | Killed an oklob plant
 13910 | Lair:1   | Noticed an eight-headed hydra
 13915 | Lair:1   | Killed an eight-headed hydra
 13916 | Lair:1   | Reached skill level 12 in Ice Magic
 14464 | Lair:2   | Reached XP level 12. HP: 96/96 MP: 14/21
 14465 | Lair:2   | Reached skill level 13 in Ice Magic
 14912 | Lair:2   | You are sucked into a shaft and drop 1 floor!
 14961 | Lair:3   | Reached ***** piety under Vehumet
 14961 | Lair:3   | Offered knowledge of Fireball by Vehumet.
 15237 | Lair:3   | Found a gate leading to a gauntlet.
 15255 | Gauntlet | Entered a Gauntlet
 15255 | Gauntlet | Found a transporter.
 15255 | Gauntlet | Found a transporter.
 15282 | Gauntlet | Found a transporter.
 15283 | Gauntlet | Found a transporter.
 15292 | Gauntlet | Found a transporter.
 15296 | Gauntlet | Found a transporter.
 15305 | Gauntlet | Noticed a hell hog
 15308 | Gauntlet | Found a transporter.
 15311 | Gauntlet | Noticed a hell hog
 15396 | Gauntlet | Found a transporter.
 15396 | Gauntlet | Found a transporter.
 15416 | Gauntlet | Found a transporter.
 15422 | Gauntlet | Found a transporter.
 15434 | Gauntlet | Found a transporter.
 15911 | Gauntlet | Reached skill level 14 in Ice Magic
 16184 | Gauntlet | Identified the +0 pair of boots of Wrong Decisions {Str+3}
 16201 | Gauntlet | Killed a hell hog
 16374 | Gauntlet | Identified the ring of Jaruremp {rC+ Will+ rCorr Dex-2}
 16390 | Gauntlet | Noticed a minotaur
 16401 | Gauntlet | Killed a minotaur
 16600 | Gauntlet | Identified the amulet of Disaster {rC- rN+ Regen+ rCorr
                  | Slay+3}
 16804 | Lair:3   | Noticed a five-headed hydra
 16809 | Lair:3   | Killed a five-headed hydra
 17233 | Lair:3   | Found a hole to the Spider Nest.
 18314 | Lair:2   | Noticed an eight-headed hydra
 18316 | Lair:2   | Noticed a four-headed hydra
 18337 | Lair:2   | Killed an eight-headed hydra
 18338 | Lair:2   | Reached XP level 13. HP: 76/105 MP: 8/22
 18460 | Lair:2   | Found a staircase to the Swamp.
 18878 | Lair:4   | Reached skill level 10 in Evocations
 20124 | Lair:4   | Reached skill level 15 in Ice Magic
 20373 | Lair:5   | Offered knowledge of Orb of Destruction by Vehumet.
 20446 | Lair:5   | Found a staircase to the Slime Pits.
 20960 | Lair:6   | Entered Level 6 of the Lair of Beasts
 20964 | Lair:6   | Reached skill level 1 in Shields
 21341 | Lair:6   | Paralysed by a hornet for 3 turns
 21365 | Lair:6   | Paralysed by a hornet for 2 turns
 21373 | Lair:6   | Reached XP level 14. HP: 76/115 MP: 15/24
 23303 | Lair:6   | Identified the +2 scale mail of Woqeac {rF- Slay+5}
 24352 | D:11     | Found a staircase to the Orcish Mines.
 24392 | D:11     | Noticed Nergalle
 24399 | D:11     | Killed Nergalle
 24704 | D:11     | Noticed Snorg
 24711 | D:11     | Killed Snorg
 25360 | D:11     | Noticed Gastronok
 25375 | D:11     | Killed Gastronok
 26079 | D:12     | Found a portal to a secret trove of treasure.
 26815 | D:12     | Reached skill level 5 in Shields
 27033 | D:12     | You are sucked into a shaft and drop 2 floors!
 28037 | D:14     | Found a sparkling altar of Nemelex Xobeh.
 29390 | D:13     | Reached XP level 15. HP: 114/121 MP: 27/27
 29591 | D:13     | Noticed Nessos
 29594 | D:13     | Noticed Jorgrun
 29599 | D:13     | Killed Nessos
 29605 | D:13     | Killed Jorgrun
 29900 | D:13     | Noticed Maurice
 29930 | D:13     | Killed Maurice
 30165 | D:13     | Found a gate to the Vaults.
 31844 | D:15     | Entered Level 15 of the Dungeon
 32173 | D:15     | Offered knowledge of Ozocubu's Refrigeration by Vehumet.
 32689 | D:15     | Found a staircase to the Depths.
 33198 | D:15     | Learned a level 7 spell: Ozocubu's Refrigeration
 33576 | Orc:1    | Entered Level 1 of the Orcish Mines
 34421 | Orc:2    | Entered Level 2 of the Orcish Mines
 34467 | Orc:2    | Found Qamesm's General Store.
 34470 | Orc:2    | Noticed an orc warlord
 34473 | Orc:2    | Reached skill level 10 in Dodging
 34480 | Orc:2    | Killed an orc warlord
 34599 | Orc:2    | Offered knowledge of Spellforged Servitor by Vehumet.
 34884 | Orc:2    | Found Hagoucle's Assorted Antiques.
 34904 | Orc:2    | Bought a crude lead ring for 135 gold pieces
 34904 | Orc:2    | Identified the ring of Net Bune {rC+ Dex+6} (You bought it
                  | in a shop on level 2 of the Orcish Mines)
 35058 | Orc:2    | Reached XP level 16. HP: 121/132 MP: 29/29
 35181 | Orc:2    | Found Geulir's General Store.
 35183 | Orc:2    | Found Xyjov's Antique Weapon Shop.
 35185 | Orc:2    | Found Ifoacsup's Book Boutique.
 35186 | Orc:2    | Found Xaufoeda's Weapon Boutique.
 35372 | Orc:2    | Found a staircase to the Elven Halls.
 35411 | Orc:2    | Found Adunli's Jewellery Shoppe.
 35472 | Orc:2    | Found Xoses's Armour Shoppe.
 35480 | Orc:2    | Bought the +2 pair of boots of Focus {MP+9} for 444 gold
                  | pieces
 35660 | Elf:1    | Entered Level 1 of the Elven Halls
 36663 | Elf:1    | Offered knowledge of Lee's Rapid Deconstruction by Vehumet.
 36670 | Elf:1    | Learned a level 5 spell: Lee's Rapid Deconstruction
 36825 | Elf:1    | Identified the -3 pair of gloves "Yhoheucsaekh" {rN+ Regen+
                  | Int-3}
 36825 | Elf:1    | Noticed Nikola
 37015 | Elf:1    | Noticed Louise
 37024 | Elf:1    | Killed Louise
 37139 | Elf:1    | Killed Nikola
 37856 | Elf:2    | Paralysed by an air elemental for 1 turns
 37865 | Elf:2    | Paralysed by an air elemental for 1 turns
 38010 | Elf:2    | Reached skill level 10 in Shields
 38077 | Elf:2    | Found a runed translucent gate.
 38077 | Elf:2    | Found a runed translucent gate.
 38088 | Elf:2    | Found a runed translucent gate.
 38382 | Elf:2    | Reached skill level 10 in Fighting
 38432 | Elf:2    | Reached skill level 10 in Spellcasting
 38676 | D:11     | Learned a level 5 spell: Bolt of Magma
 38808 | Swamp:1  | Entered Level 1 of the Swamp
 39224 | Spider:1 | Entered Level 1 of the Spider Nest
 39409 | Orc:2    | Bought a ring of poison resistance for 220 gold pieces
 40006 | Swamp:1  | Reached skill level 1 in Polearms
 40136 | Swamp:1  | Noticed a tentacled monstrosity
 40150 | Swamp:1  | Killed a tentacled monstrosity
 40151 | Swamp:1  | Reached skill level 1 in Fire Magic
 40849 | Swamp:2  | Noticed Aizul
 40859 | Swamp:2  | Killed Aizul
 42179 | Swamp:2  | Offered knowledge of Iron Shot by Vehumet.
 42180 | Swamp:2  | Reached XP level 17. HP: 31/141 MP: 21/31
 43692 | Swamp:4  | Entered Level 4 of the Swamp
 43823 | Swamp:4  | Identified the +9 whip of Wealth {drain, rPois rF+}
 43828 | Swamp:4  | Reached skill level 16 in Ice Magic
 44614 | Swamp:4  | Noticed the 27-headed Lernaean hydra
 44627 | Swamp:4  | Killed the 27-headed Lernaean hydra
 46094 | Swamp:4  | Got a decaying rune of Zot
 46095 | Swamp:4  | Identified a scroll of acquirement
 46355 | Swamp:4  | Acquired 639 gold pieces
 46610 | Elf:2    | Paralysed by an air elemental for 1 turns
 46948 | Elf:2    | Noticed a deep elf blademaster
 46980 | Elf:2    | Killed a deep elf blademaster
 47475 | Elf:2    | HP: 4/143 [+2 eveningstar of holy wrath (20)]
 48082 | Elf:2    | Reached XP level 18. HP: 122/151 MP: 10/33
 49363 | Spider:1 | Reached ****** piety under Vehumet
 49592 | Spider:1 | Found a runed translucent door.
 49596 | Spider:1 | Noticed Taocaav's ghost (adept CeHu)
 49609 | Spider:1 | Learned a level 9 spell: Polar Vortex
 49619 | Spider:1 | Offered knowledge of Ignition by Vehumet.
 50150 | Spider:1 | You are sucked into a shaft and drop 1 floor!
 51544 | Spider:1 | Killed Taocaav's ghost
 51545 | Spider:1 | Reached skill level 17 in Ice Magic
 51621 | Spider:1 | Identified the ring of the Trilobite {rN+ Stlth+}
 54037 | Spider:4 | Entered Level 4 of the Spider Nest
 54139 | Spider:4 | Offered knowledge of Lehudib's Crystal Spear by Vehumet.
 54139 | Spider:4 | Offered knowledge of Chain Lightning by Vehumet.
 54139 | Spider:4 | Offered knowledge of Maxwell's Capacitive Coupling by
                  | Vehumet.
 55301 | Spider:4 | Reached skill level 18 in Ice Magic
 55555 | Spider:4 | Acquired the +12 demon blade "Beastbane" {vorpal, Will+
                  | Str+4 Int+6}
 56367 | Spider:4 | Reached XP level 19. HP: 109/158 MP: 4/34
 57013 | Spider:4 | Got a gossamer rune of Zot
 57416 | Depths:1 | Entered Level 1 of the Depths
 57440 | Depths:1 | Found a gateway to Hell.
 57621 | Depths:1 | Reached skill level 19 in Ice Magic
 59311 | Depths:1 | Reached skill level 20 in Ice Magic
 59993 | Depths:1 | Identified the amulet of Fatigue {Faith Rampage +Inv rC++
                  | MP-9}
 61377 | Depths:2 | Reached skill level 21 in Ice Magic
 61379 | Depths:2 | Reached XP level 20. HP: 166/166 MP: 35/35
 61834 | Depths:2 | Found a gateway to a ziggurat.
 61862 | Depths:2 | Noticed Boris
 61876 | Depths:2 | Killed Boris
 62939 | Vaults:1 | Entered Level 1 of the Vaults
 63169 | Vaults:1 | Reached skill level 22 in Ice Magic
 64801 | Vaults:1 | Found Wuwneow's Armour Boutique.
 65587 | Vaults:1 | Noticed Boris
 65599 | Vaults:1 | Killed Boris
 66301 | Vaults:2 | Reached skill level 15 in Shields
 66492 | Vaults:2 | Reached XP level 21. HP: 171/171 MP: 24/36
 66499 | Vaults:2 | Reached skill level 5 in Fire Magic
 69138 | Vaults:3 | Found a staircase to the Crypt.
 69138 | Vaults:3 | Found an ancient bone altar of Kikubaaqudgha.
 69139 | Vaults:3 | Found a basalt altar of Yredelemnul.
 69739 | Vaults:3 | Found Pohadiov's Jewellery Emporium.
 70394 | Vaults:4 | Learned a level 9 spell: Shatter
 72063 | Vaults:5 | Entered Level 5 of the Vaults
 72064 | Vaults:5 | Noticed Margery
 72067 | Vaults:5 | Reached skill level 10 in Earth Magic
 72067 | Vaults:5 | Reached XP level 22. HP: 139/183 MP: 38/38
 72285 | Vaults:5 | Killed Margery
 72667 | Vaults:5 | Identified the ring "Kufix" {rElec rPois rN+ Int+2}
 73471 | Vaults:5 | Noticed Sojobo
 73563 | Vaults:5 | Paralysed by an air elemental for 1 turns
 73565 | Vaults:5 | Killed Sojobo
 74077 | Vaults:5 | Identified the +2 flail of Wach {elec, Fly rN++ rCorr
                  | Int-4}
 74077 | Vaults:5 | Noticed Bai Suzhen
 74087 | Vaults:5 | Killed Bai Suzhen
 74088 | Vaults:5 | Reached skill level 23 in Ice Magic
 74450 | Vaults:5 | Identified the ring of the Muttering Hero {*Slow rC+ rN++
                  | SInv}
 74465 | Vaults:5 | Got a silver rune of Zot
 74534 | Vaults:5 | Reached XP level 23. HP: 168/190 MP: 39/39
 74560 | Vaults:5 | Noticed a dread lich
 74574 | Vaults:5 | Killed a dread lich
 74874 | Vaults:5 | Identified the +0 chain mail of Orthodoxy {rF+ rN+ Dex+4}
 74917 | Vaults:5 | Got the Incunabulum of the Birds and Arcane Weapons
 75165 | Vaults:5 | Found Mossobu's Antique Weapon Shoppe.
 76715 | Depths:1 | Got the Compendium of the Entourage and the Mountains
 76933 | Depths:2 | Reached skill level 15 in Earth Magic
 77231 | Depths:2 | Found a one-way gate leading to the halls of Pandemonium.
 77516 | Depths:2 | Got Kagepohi's Handbook of Entrancing Transmutation
 77639 | Depths:3 | Noticed the Enchantress
 77645 | Depths:3 | Killed the Enchantress
 77972 | Depths:3 | Reached skill level 5 in Polearms
 79911 | Depths:4 | Noticed Saint Roka
 79918 | Depths:4 | Killed Saint Roka
 80511 | Depths:4 | Reached XP level 24. HP: 123/198 MP: 39/39
 80864 | Depths:4 | Got the Volume of Toxic Dislocation
 80912 | Depths:4 | Found a one-way gate to the infinite horrors of the Abyss.
 81758 | Depths:5 | Entered Level 5 of the Depths
 82157 | Depths:5 | Reached skill level 15 in Dodging
 82859 | Depths:5 | Reached skill level 10 in Polearms
 82865 | Depths:5 | HP: 2/198 [fire giant/bolt of fire (12)]
 82867 | Depths:5 | Killed from afar by a fire giant

Illustrated notes

Levels and vault maps discovered:
D:1:      kennysheep_arrival_seaside, layout_loops_cross,
          ebering_dispersal_statue_hall
D:2:      layout_basic, serial_bayou_pond_c, minmay_fractal_squares_gapless_5,
          uniq_crazy_yiuf_cottage
D:3:      layout_loops_ring, nicolae_uskayaw_dance_hall,
          hellmonk_ecumenical_altar_watching_god, cheibrodos_sewer_entry_bend,
          skrybe_limestone_x
D:4:      layout_basic, okawaru_trees_1, nicolae_vehumet_radiance,
          mainiacjoe_overflow_24_doors
D:5:      layout_loops_ring, mainiacjoe_overflow_small_starburst,
          nicolae_yredelemnul_corpse_copse, serial_shops, shop,
          roderic_roman_lattice
D:6:      layout_basic, led_sif_pool, nrook_mini_backslash, minmay_ruffians
D:7:      layout_basic, grunt_temple_overflow_order_and_chaos_2,
          minmay_temple_entry_water_ring, enter_ossuary_5,
          corexii_hall_statues_t, minmay_crystal_room
D:8:      layout_cave_pods, solitary_fountain, solitary_fountain, minivault_25,
          hangedman_abyss_or_decor_stabs
D:9:      layout_loops_ring, minmay_lair_entry_grove, serial_aquarium,
          aquarium_bridge_square [aquarium_subvault_bridge,
          aquarium_subvault_bridge, aquarium_subvault_window,
          aquarium_subvault_bridge], aquarium_window_1, aquarium_window_1,
          aquarium_window_fake, aquarium_view_2a, aquarium_view_2d,
          aquarium_pool_side, grunt_decor_fettered, uniq_harold, uniq_pikel
D:10:     layout_cave_pools, mainiacjoe_overflow_alcove_2
D:11:     layout_gridville, orc_0_dummy, uniq_snorg, uniq_nergalle,
          uniq_gastronok
D:12:     layout_stronghold, nicolae_trove_entry_free_sample, nooodl_orcs_dogs
D:13:     layout_rooms, erik_vaults_1, uniq_maurice, uniq_nessos, uniq_jorgrun
D:14:     minmay_distorted_concentric_squares, layout_basic,
          nemelex_xobeh_ov_fountains_minmay
D:15:     hangedman_depths_entry_try_elsewhere_first, layout_loops_ring,
          hangedman_decor_growths, grunt_tough_drop
Temple:   minmay_temple_bridge_abc
Lair:1:   layout_hall_layers, lemuel_oklob_altar, lemuel_fruit_tree
Lair:2:   layout_cave_shapes, palyth_hydra_swamp_entry
Lair:3:   layout_chaotic_city, nicolae_spider_entry_non_spiders,
          gauntlet_entry_generic, nicolae_quartered_pool_medium,
          serial_bayou_shore_a, infiniplex_staircase_pool, grunt_megastairs_1
Lair:4:   layout_hall_layers, grunt_megastairs_3
Lair:5:   layout_misc_corridors, nicolae_slime_entry_slimehenge
Lair:6:   gammafunk_lair_ancient_temple, layout_hall_layers
Swamp:1:  layout_basic_swamp, portal_ice_cave_entry_ice_statue_one,
          hangedman_swamp_blocks, swamp_pool3
Swamp:2:  layout_basic_swamp, serial_swamp_ruin, evilmike_swamp_ruin_rubble_2,
          evilmike_swamp_ruin_house_2, evilmike_swamp_ruin_house_1, swamp_pool1,
          beargit_elvish_explorers, uniq_aizul
Swamp:3:  layout_basic_swamp, evilmike_swamp_ruin_house_3, swamp_pool3
Swamp:4:  swamp_alternative, layout_basic_swamp, swamp_pool2
Spider:1: layout_spider_delve, ebering_ghost_inner_flame, nicolae_spider_orb_run
Spider:2: layout_chambers, hangedman_spider_tarantella_strand,
          nicolae_spider_cling_halls
Spider:3: layout_spider_delve, nicolae_spider_not_touching_you
Spider:4: floodkiller_spider_rune_tomb
Orc:1:    layout_caves, basic_altar, rock_pile
Orc:2:    st_orc_pillars, layout_diamond_mine, serial_shops, shop, shop,
          nicolae_diamond_shop, nicolae_shop_crystal
Elf:1:    eino_elf_arrival_sip, layout_loops_corners, hangedman_corner_corridor,
          uniq_louise, uniq_nikola
Elf:2:    elven_hall_of_blades_hangedman_original
          [nicolae_blade_entry_pointy_end], layout_loops_cross
Vaults:1: vaults_dpeg_spiral, nicolae_vaults_shelves_hall, v_misc_30,
          v_pattern_4, grunt_vaults_focal, nicolae_vaults_little_squares_3,
          hangedman_vaults_unwind, nicolae_vaults_lopsided_apartments,
          nicolae_vaults_little_squares_4,
          nicolae_vaults_windows_and_doors_thing,
          ontoclasm_vaults_decontamination, vaults_dpeg_ring, vaults_dpeg_cross,
          ontoclasm_vaults_eye, nicolae_vaults_specimen_jars,
          nicolae_vaults_hallways_thing, nicolae_vaults_little_squares_6,
          grunt_vaults_hallway_long, vaults_room_grunt_arrival_ludios,
          layout_vaults_maze_bifur, serial_shops, shop
Vaults:2: v_alt_pattern_2, grunt_vaults_twisty, v_pattern_1, st_check,
          vaults_dpeg_diagonal, ontoclasm_vaults_spin, vaults_room_semicircle,
          grunt_vaults_funnel, hangedman_vaults_trim, vaults_room_pools,
          ontoclasm_vaults_ligature, layout_vaults_omnicross
Vaults:3: nicolae_vaults_asterisk, vaults_mumra_minichess_inversion, v_misc_9,
          v_misc_25, nicolae_vaults_little_squares_5,
          minmay_crypt_entry_necro_gods, ontoclasm_vaults_shuriken,
          nicolae_vaults_angled_halls, ontoclasm_vaults_twist,
          layout_vaults_big_room, serial_shops, shop_fountains
Vaults:4: nicolae_vaults_little_squares_5, ontoclasm_vaults_gateway,
          ontoclasm_vaults_pinch, serial_ice_m, vaults_room_door_ring,
          st_more_cells, vaults_room_door_ring, dpeg_vaults_monster_box,
          v_alt_pattern_6, vaults_room_fours, layout_vaults_omnigrid
Vaults:5: uniq_sojobo, uniq_margery, uniq_bai_suzhen
Depths:1: minmay_the_grid_triangle_9x9_rhombus_full
          [minmay_the_grid_triangle_9x9_dagger,
          minmay_the_grid_triangle_9x9_minimal,
          minmay_the_grid_triangle_9x9_empty,
          minmay_the_grid_triangle_9x9_flanged_cone,
          minmay_the_grid_triangle_9x9_corruption,
          minmay_the_grid_triangle_9x9_negative_grid,
          minmay_the_grid_triangle_9x9_impossible_snake,
          minmay_the_grid_triangle_9x9_prize_insulated], layout_gridville,
          hell_entry, amcnicky_mini_rare_corridor_liquid,
          kennysheep_generic_room_10
Depths:2: hangedman_screamer, layout_gridville, enter_ziggurat_a,
          amcnicky_mini_pool_small, hell_entry, rand_demon_pan_entry_7,
          minmay_strange_pillars, serial_bayou_shore_b
Depths:3: minmay_bloctagon, layout_gridlike, pan_entry, hell_entry,
          infiniplex_staircase_x, uniq_enchantress
Depths:4: minmay_spriggan_fort, layout_cave_pools, hangedman_coc_ice_floe,
          abyss_entry, uniq_saint_roka
Depths:5: lemuel_castle_with_subvaults [lemuel_castle_interior_carwin_1],
          layout_honeycomb, hell_entry, hangedman_abyss_or_decor_lesser_grid,
          grunt_pan_entry_zigzag, uniq_mennas

Skill      XL: |  1  2  3  4  5  6  7  8  9 10 11 12 13 14 15 16 17 18 19 20 21 22 23 24 |
---------------+-------------------------------------------------------------------------+-----
Ice Magic      | 5 6 7 8 10 12 14 15 16 18 21 22 23 | 23.2
Dodging        | 2 3 5 6 7 8 10 11 12 14 15 | 15.3
Fighting       | 1 3 6 7 8 9 10 11 12 | 12.4
Spellcasting   | 3 4 6 7 8 9 10 11 12 | 12.0
Evocations     | 1 5 8 9 10 12 14 | 14.0
Conjurations   | 2 4 5 6 7 8 9 |  9.0
Earth Magic    | 2 4 5 6 7 8 9 10 14 16 17 | 17.2
Air Magic      | 3 5 6 7 8 9 |  9.0
Shields        | 2 6 9 10 11 12 15 | 15.0
Polearms       | 1 2 8 10 | 10.1
Fire Magic     | 1 4 8 9 |  9.0
Stealth        | |  1.7

Action                   |  1- 3 |  4- 6 |  7- 9 | 10-12 | 13-15 | 16-18 | 19-21 | 22-24 || total
-------------------------+-------+-------+-------+-------+-------+-------+-------+-------++-------
Melee: Unarmed           |    10 |       |       |       |       |       |       |       ||    10
       Short sword       |    11 |     2 |       |       |       |       |       |       ||    13
       Tailslap          |     5 |     5 |    34 |    26 |    47 |    38 |     8 |    47 ||   210
       Mace              |       |    30 |    70 |       |       |       |       |       ||   100
       Trident           |       |       |   184 |   238 |   382 |   217 |    26 |       ||  1047
       Whip              |       |       |       |       |       |   174 |    53 |     1 ||   228
       Lance             |       |       |       |       |       |       |       |   360 ||   360
 Cast: Freeze            |    35 |     5 |     2 |     1 |       |       |       |       ||    43
       Frozen Ramparts   |    10 |    10 |    55 |    47 |    78 |     9 |     3 |       ||   212
       Summon Small Mamm |       |     2 |     3 |       |       |       |       |       ||     5
       Ozocubu's Armour  |       |       |    14 |    27 |    81 |    39 |     2 |    11 ||   174
       Freezing Cloud    |       |       |       |    57 |   188 |    84 |     1 |       ||   330
       Stone Arrow       |       |       |       |    17 |    81 |    77 |     4 |     6 ||   185
       Ozocubu's Refrige |       |       |       |       |    40 |   437 |   350 |   194 ||  1021
       Lee's Rapid Decon |       |       |       |       |       |    24 |       |       ||    24
       Bolt of Magma     |       |       |       |       |       |    61 |    55 |    22 ||   138
       Polar Vortex      |       |       |       |       |       |       |    49 |    61 ||   110
 Abil: Breathe Dispellin |       |       |     2 |       |     1 |     7 |     1 |     2 ||    13
Evoke: Wand              |       |       |       |     4 |       |    26 |     7 |     5 ||    42
       Box of beasts     |       |       |       |       |       |     2 |       |       ||     2
       Phial of floods   |       |       |       |       |       |     1 |       |       ||     1
       Condenser vane    |       |       |       |       |       |     1 |       |       ||     1
  Use: Scroll            |       |     2 |    15 |     5 |     7 |     8 |     7 |     1 ||    45
       Potion            |       |       |       |     2 |       |    13 |       |     2 ||    17
 Stab: Sleeping          |       |       |     6 |     1 |       |       |       |       ||     7
       Distracted        |       |       |     2 |     1 |       |       |       |     1 ||     4
       Invisible         |       |       |       |       |       |     1 |       |       ||     1
Armor: Skin              |    16 |    18 |   149 |   198 |   289 |   465 |   133 |   241 ||  1509
Dodge: Dodged            |    44 |    34 |   264 |   248 |   334 |   643 |   213 |   307 ||  2087
       Repelled          |       |       |       |     4 |    11 |    14 |     7 |    13 ||    49
Block: Kite shield       |       |       |       |       |   109 |   362 |   140 |   349 ||   960
       Buckler           |       |       |       |       |       |    89 |    43 |       ||   132
       Reflection        |       |       |       |       |       |       |    30 |    13 ||    43
